 Dungeon Crawl Stone Soup version 0.21-b1-23-g1fb0a74 (webtiles) character file.

369 shaad the Covert (level 6, -5/46 HPs)
             Began as a Vampire Assassin on Jan 5, 2018.
             Killed from afar by Blork the orc (9 damage)
             ... with a magic dart
             ... on level 4 of the Dungeon.
             The game lasted 00:55:26 (3605 turns).

shaad the Covert (Vampire Assassin)                 Turns: 3605, Time: 00:55:27

Health: -5/46      AC:  0    Str:  9 (11) XL:     6   Next: 41%
Magic:  5/6        EV: 20    Int: 11 (13) God:
Gold:   173        SH:  0    Dex: 19 (22) Spells: 5/5 levels left

rFire    . . .     SeeInvis +   (weapon currently unavailable)
rCold    . . .     Gourm    .   (shield currently unavailable)
rNeg     + . .     Faith    .   (armour currently unavailable)
rPois    .         Spirit   .   (helmet currently unavailable)
rElec    .         Reflect  .   (cloak currently unavailable)
rCorr    .         Harm     .   (gloves currently unavailable)
MR       .....                  (boots currently unavailable)
Stlth    ++++++....             (no amulet)
HPRegen  0.15/turn              (ring currently unavailable)
MPRegen  0.10/turn              (ring currently unavailable)

@: bat-form, flying, very quick
A: tiny, fangs 3, see invisible
a: End Transformation


You were on level 4 of the Dungeon.
You were not thirsty.
You were in vampire-bat-form.
You visited 1 branch of the dungeon, and saw 5 of its levels.

You collected 173 gold pieces.

Inventory:

Hand Weapons
 a - a +2 dagger
 b - a +0 blowgun
 o - a +0 hunting sling
 x - a +1 dagger of speed (melded)
 C - a +0 morningstar
 E - a +0 falchion
 H - a +2 dagger of speed
 K - a +3 quarterstaff of chaos
Missiles
 e - 35 poisoned needles (quivered)
 i - 2 curare-tipped needles
 m - 42 arrows
 p - 83 stones
 r - 4 tomahawks
 u - 51 bolts
Armour
 c - a +0 robe (melded)
 d - a +0 cloak (melded)
 f - a +0 pair of boots (melded)
 h - a +0 plate armour
 q - a +0 scale mail
 B - a cursed -2 robe
 D - a +1 pair of gloves (melded)
Jewellery
 s - a +3 ring of protection (melded)
 t - a cursed amulet of inaccuracy
Wands
 y - a wand of digging (18)
 G - a wand of iceblast (4)
 J - a wand of flame (30)
Scrolls
 k - 3 scrolls of magic mapping
 v - a scroll of enchant weapon
 w - a scroll of identify
Potions
 g - 20 potions of blood
 j - a potion of mutation {unknown}
 n - a potion of cancellation
Comestibles
 l - 8 rations


   Skills:
 + Level 2.4 Fighting
 + Level 3.3 Short Blades
 + Level 3.1 Throwing
 + Level 2.5 Dodging
 + Level 8.8 Stealth


You had 5 spell levels left.
You didn't know any spells.

Dungeon Overview and Level Annotations

Branches:
Dungeon (5/15)
 Temple: D:4-7

Altars:
Fedhas
Trog
Wu Jian
Xom

Annotations:
D:4 Blork the orc, Grinder


Innate Abilities, Weirdness & Mutations

You have razor-sharp teeth.
You have supernaturally acute eyesight. (SInv)
((You can survive without breathing.))


Message History

Your +1 dagger of speed melds into your body.
Your +0 cloak melds into your body.
Your +1 pair of gloves melds into your body.
Your +0 pair of boots melds into your body.
Your +0 robe melds into your body.
Your +3 ring of protection melds into your body.
Blork the orc looks satisfied for a moment.
Found a dagger.
Found a glass wand.
Found 14 gold pieces.
You see here a wand of digging (18).
y - a wand of digging (18) Blork the orc gestures at you while chanting.
The puff of flame hits you!
* * * LOW HITPOINT WARNING * * *
You see here 14 gold pieces.
You now have 173 gold pieces (gained 14).
Blork the orc points at you and mumbles some strange words.
The magic dart hits you!
You die...

....## .#
.#####...##....
.##..####..# ##.###..##
####.......# #># ##.# #
#...###.... .## ##. .#
#..## #... #. ..
..##..# #..# ###... ..
#....## #..### #...$#.
# ##...# #....####....#
#...## ##......b..#..#
##...###..###..........
#........###o.##..##..
........#...#..## #....
.......###.....# #..#
....).## #......# ..#
##....# #........# .#
##..####.####.#.... .
#.. #.# ..#.....


You could see Blork the orc.

Vanquished Creatures
  An ogre (D:4)
  Crazy Yiuf (D:3)
  Ijyb (D:3)
  A bullfrog skeleton (D:4)
  Jessica (D:3)
  3 gnolls (D:4)
  6 adders
  An ooze (D:3)
  An adder skeleton (D:4)
  6 worms
  A dart slug (D:3)
  A leopard gecko (D:2)
  7 orcs
  A giant cockroach (D:4)
  8 hobgoblins
  2 jackals (D:4)
  7 kobolds
  A quokka (D:3)
  4 bats
  2 frilled lizards (D:1)
  4 goblins
  9 rats
69 creatures vanquished.

Notes
Turn   | Place    | Note
-------+----------+-------------------------------------------
     0 | D:1      | shaad the Vampire Assassin began the quest for the Orb.
     0 | D:1      | Reached XP level 1. HP: 16/16 MP: 1/1
    24 | D:1      | Reached skill level 6 in Stealth
   172 | D:1      | Reached XP level 2. HP: 17/22 MP: 2/2
   656 | D:2      | Reached skill level 7 in Stealth
   911 | D:2      | Reached XP level 3. HP: 20/27 MP: 3/3
  1435 | D:2      | Found a bloodstained altar of Trog.
  1737 | D:3      | Reached XP level 4. HP: 33/33 MP: 4/4
  1798 | D:3      | Noticed Jessica
  1821 | D:3      | Killed Jessica
  1821 | D:3      | Reached skill level 8 in Stealth
  2125 | D:3      | Found a blossoming altar of Fedhas.
  2128 | D:3      | Found a shimmering altar of Xom.
  2130 | D:3      | Found an ornate altar of the Wu Jian Council.
  2361 | D:3      | Noticed Ijyb
  2362 | D:3      | Reached XP level 5. HP: 34/38 MP: 5/5
  2368 | D:3      | Killed Ijyb
  2574 | D:3      | Found a runed door.
  2578 | D:3      | Noticed Crazy Yiuf
  2582 | D:3      | Killed Crazy Yiuf
  2899 | D:4      | Noticed a phantom
  2902 | D:4      | Reached XP level 6. HP: 22/44 MP: 6/6
  3130 | D:5      | Entered Level 5 of the Dungeon
  3464 | D:4      | Noticed Grinder
  3539 | D:4      | Paralysed by Grinder for 4 turns
  3557 | D:4      | Noticed Blork the orc
  3605 | D:4      | Killed from afar by Blork the orc

Skill      XL: |  1  2  3  4  5  6 |
---------------+-------------------+-----
Stealth        | 6 7 8 |  8.8
Fighting       | 2 |  2.4
Dodging        | 2 |  2.5
Throwing       | 2 3 |  3.1
Short Blades   | 3 |  3.3

Action                   |  1- 3 |  4- 6 || total
-------------------------+-------+-------++-------
Melee: Dagger            |    84 |   175 ||   259
       Bite              |     3 |    20 ||    23
 Fire: Blowgun           |    11 |    71 ||    82
 Abil: Bat Form          |       |     3 ||     3
       End Transformatio |       |     2 ||     2
  Use: Potion            |     1 |     8 ||     9
       Scroll            |     1 |    11 ||    12
 Stab: Sleeping          |    12 |    10 ||    22
       Distracted        |       |     1 ||     1
  Eat: Corpse            |     3 |     2 ||     5
Armor: Robe              |    11 |    31 ||    42
Dodge: Dodged            |    39 |    88 ||   127
